 Dungeon Crawl Stone Soup version 0.25.0-9-g26727b657a (webtiles) character file.

Game seed: 10413918435368483148

8118 MajorAdolf the Covert (level 11, -11/100 HPs)
             Began as a Naga Wanderer on June 21, 2020.
             Was an Initiate of Gozag.
             Mangled by a wolf spider simulacrum (15 damage)
             ... in an ice cave.
             The game lasted 00:34:57 (16209 turns).

MajorAdolf the Covert (Naga Wanderer)              Turns: 16209, Time: 00:34:57

Health: -11/100    AC: 13    Str: 22    XL:     11   Next: 25%
Magic:  18/18      EV:  8    Int: 17    God:    Gozag
Gold:   419        SH: 10    Dex: 11    Spells: 10/10 levels left

rFire    . . .     SeeInvis +   D - +0 broad axe
rCold    + . .     Gourm    .   m - +1 kite shield {reflect}
rNeg     . . .     Faith    .   H - +2 robe {rC+}
rPois    +         Spirit   .   u - +0 helmet
rElec    .         Reflect  +   s - +2 cloak
rCorr    .         Harm     .   p - +2 pair of gloves {Str+3}
MR       +....                  (no barding)
Stlth    +++++.....             (no amulet)
HPRegen  0.26/turn              E - +6 ring of intelligence
MPRegen  0.16/turn              (no ring)

@: very slow
A: large, see invisible, deformed body, poison resistance, slowness 2, slow
metabolism 1, spit poison 1, AC +3
a: Spit Poison, Potion Petition, Call Merchant, Bribe Branch, Renounce Religion


You were in an ice cave.
You worshipped Gozag.
Gozag was aware of your devotion.
You were not hungry.

You visited 2 branches of the dungeon, and saw 12 of its levels.
You also visited: Sewer, Bailey and Ice Cave.

You collected 2316 gold pieces.
You spent 716 gold pieces at shops.
You paid 1181 gold pieces to Gozag.

Inventory:

Hand Weapons
 y - a +1 dagger of venom
 D - a +0 broad axe (weapon)
Missiles
 e - 2 curare-tipped darts (quivered)
 i - 39 poisoned darts
Armour
 m - a +1 kite shield of reflection (worn)
 p - a +2 pair of gloves of strength (worn)
 s - a +2 cloak (worn)
 u - a +0 helmet (worn)
 H - a +2 robe of cold resistance (worn)
Jewellery
 E - a +6 ring of intelligence (left hand)
Wands
 a - a wand of iceblast (11)
 b - a wand of acid (1)
 w - a wand of flame (7)
 A - a wand of polymorph (11)
 G - a wand of random effects (23)
Scrolls
 o - 3 scrolls of teleportation
 q - a scroll of remove curse
 r - 2 scrolls of identify
 z - 2 scrolls of amnesia
 C - a scroll of immolation
 F - a scroll of enchant weapon
Potions
 g - 4 potions of stabbing
 h - 8 potions of curing
 j - a potion of ambrosia {unknown}
 k - 2 potions of degeneration
 l - 3 potions of mutation
 n - 2 potions of might
 t - 4 potions of brilliance
 x - a potion of lignification
 B - 2 potions of cancellation
Miscellaneous
 d - a tin of tremorstones (inert)
 v - a lightning rod (3/4)
Comestibles
 f - 9 rations


   Skills:
 - Level 7.2 Fighting
 - Level 1.0 Short Blades
 + Level 9.9 Axes
   Level 1.0 Staves
 - Level 1.5 Dodging
 + Level 11.5 Stealth
 + Level 3.4 Shields
 + Level 9.3 Evocations


You had 10 spell levels left.
You didn't know any spells.
Your spell library was empty.

Dungeon Overview and Level Annotations

Branches:
Dungeon (11/15)            Temple (0/1) D:5             Orc (1/2) D:10
  Sewer (visited)          Bailey (visited)           IceCv (1/1)
   Lair: D:8-11

Altars:
Cheibriados
Dithmenos
Elyvilon
Fedhas
Gozag
Hepliaklqana
Makhleb
Nemelex Xobeh
Qazlal
Sif Muna
Trog
Yredelemnul
Zin

Shops:
D:10 }[

Annotations:
D:8 exclusion: 2 killer bees


Innate Abilities, Weirdness & Mutations

You cannot wear boots.
Your serpentine skin is tough. (AC +3)
You have supernaturally acute eyesight. (SInv)
Armour fits poorly on your strangely shaped body.
Your system is resistant to poisons. (rPois)
You cover ground very slowly.
You have a slow metabolism.
You can spit poison.


Message History

Unknown command.
You hit the death yak simulacrum but do no damage.
The death yak simulacrum is moderately damaged.
You hit the alligator simulacrum.
You hit the wolf spider simulacrum but do no damage.
You block the wolf spider simulacrum's attack.
The wolf spider simulacrum bites you but does no damage.
Unknown command.
You hit the death yak simulacrum but do no damage.
The death yak simulacrum is moderately damaged.
You hit the alligator simulacrum but do no damage.
You hit the wolf spider simulacrum. The wolf spider simulacrum hits you!
* * * LOW HITPOINT WARNING * * *
The wolf spider simulacrum freezes you! You resist.
* * * LOW HITPOINT WARNING * * *
The wolf spider simulacrum bites you.
* * * LOW HITPOINT WARNING * * *
The wolf spider simulacrum freezes you! You resist.
You die...
Your body crumbles into a pile of gold. #. .## ..## ...## #...# ##Z..# #ZZZ#

##.@.##
##.....##
#...∩...#
#.......#
##..∩..##
##...##
#####


You could see an alligator simulacrum, a death yak simulacrum, an elephant
simulacrum and a wolf spider simulacrum.

Vanquished Creatures
  An unseen horror (D:10)
  A cyclops (D:8)
  Joseph (D:9)
  2 trolls
  A hornet (D:9)
  A hippogriff (D:9)
  10 yaks
  A hungry ghost (D:8)
  Menkaure (D:4)
  A water moccasin (D:9)
  2 black bears
  6 orc warriors
  3 ice beasts
  2 sky beasts
  7 ogres
  A necrophage (D:8)
  3 centaurs
  A crocodile (D:8)
  A big kobold (Sewer)
  Blork the orc (D:7)
  4 bullfrogs
  4 scorpions
  4 crimson imps
  A centaur zombie (D:6)
  8 hounds
  A jelly (D:10)
  5 orc priests
  3 bullfrog zombies
  10 orc wizards
  2 iguanas (D:5)
  5 worker ants
  A hound zombie (D:5)
  A hound skeleton (D:6)
  A worker ant zombie (D:6)
  8 gnolls
  6 adders
  11 river rats
  2 oozes
  4 worms
  A dart slug (D:1)
  5 leopard geckos
  21 orcs
  10 ball pythons
  3 giant cockroaches
  7 goblins
  8 hobgoblins
  A jackal (D:6)
  2 quokkas
  4 bats
  2 gnoll zombies (D:3)
  34 kobolds
  2 leopard gecko skeletons
  21 rats
249 creatures vanquished.

Notes
Turn   | Place    | Note
-------+----------+-------------------------------------------
     0 | D:1      | MajorAdolf the Naga Wanderer began the quest for the Orb.
     0 | D:1      | MajorAdolf set off with the following items: a +0 club, a
                  | potion of lignification, a +0 buckler, a +2 leather armour,
                  | a ration
     0 | D:1      | Reached XP level 1. HP: 22/22 MP: 1/1
   116 | D:1      | You fall into a shaft and drop 1 floor!
   124 | D:2      | Reached XP level 2. HP: 30/30 MP: 2/2
  1228 | D:2      | Reached XP level 3. HP: 29/37 MP: 3/3
  1530 | D:2      | Found a snail-covered altar of Cheibriados.
  1798 | D:3      | Found an opulent altar of Gozag.
  2014 | D:3      | Found a basalt altar of Yredelemnul.
  2403 | D:3      | Found a glowing silver altar of Zin.
  2443 | D:3      | Reached skill level 5 in Fighting
  2443 | D:3      | Reached XP level 4. HP: 46/46 MP: 4/4
  2829 | D:3      | Became a worshipper of Gozag Ym Sagoz the Greedy
  2933 | D:4      | Reached XP level 5. HP: 55/55 MP: 5/5
  3043 | D:4      | Noticed Menkaure
  3071 | D:4      | Killed Menkaure
  3071 | D:4      | Reached XP level 6. HP: 66/66 MP: 6/6
  3280 | D:4      | Reached skill level 1 in Axes
  3743 | D:4      | Reached XP level 7. HP: 63/72 MP: 7/7
  3837 | D:4      | Found a hazy altar of Hepliaklqana.
  3858 | D:5      | Entered Level 5 of the Dungeon
  3951 | D:5      | Reached skill level 1 in Evocations
  3975 | D:5      | HP: 3/72 [centaur (7)]
  4143 | D:5      | Found a glowing drain.
  4163 | Sewer    | Entered a sewer
  5040 | Sewer    | Reached XP level 8. HP: 77/80 MP: 10/10
  5831 | D:5      | Found a staircase to the Ecumenical Temple.
  6011 | D:5      | Found a blossoming altar of Fedhas.
  6132 | D:5      | Found an opulent altar of Gozag.
  6265 | D:5      | Reached skill level 5 in Axes
  6409 | D:5      | Found a shadowy altar of Dithmenos.
  7138 | D:6      | Found a sparkling altar of Nemelex Xobeh.
  7146 | D:6      | Reached skill level 5 in Evocations
  7416 | D:6      | Reached skill level 1 in Stealth
  7424 | D:6      | Reached skill level 2 in Stealth
  7544 | D:6      | Reached XP level 9. HP: 67/86 MP: 13/13
  7693 | D:6      | Reached skill level 3 in Stealth
  7725 | D:6      | Found a bloodstained altar of Trog.
  8436 | D:7      | Reached skill level 4 in Stealth
  8992 | D:7      | Found a burning altar of Makhleb.
  9019 | D:7      | Found a stormy altar of Qazlal.
  9153 | D:7      | Noticed Blork the orc
  9160 | D:7      | Killed Blork the orc
  9167 | D:7      | Found a shimmering blue altar of Sif Muna.
  9742 | D:8      | Reached skill level 5 in Stealth
 10216 | D:8      | Found a shadowy altar of Dithmenos.
 10506 | D:8      | Found a white marble altar of Elyvilon.
 10526 | D:8      | Reached skill level 6 in Stealth
 11366 | D:8      | Noticed a cyclops
 11384 | D:8      | Killed a cyclops
 11384 | D:8      | Reached skill level 7 in Stealth
 11384 | D:8      | Reached XP level 10. HP: 33/91 MP: 15/15
 11742 | D:9      | Found a flagged portal.
 11767 | Bailey   | Entered a bailey
 11832 | Bailey   | Reached skill level 8 in Stealth
 12240 | D:9      | Noticed Joseph
 12877 | D:9      | Reached skill level 9 in Stealth
 13159 | D:9      | HP: 2/94 [gnoll/+0 spear (5)]
 13240 | D:9      | Killed Joseph
 13627 | D:9      | Reached skill level 10 in Stealth
 14544 | D:10     | Entered Level 10 of the Dungeon
 14826 | D:10     | Bought a wand of acid (2) for 156 gold pieces
 14826 | D:10     | Bought a wand of iceblast (8) for 156 gold pieces
 14828 | D:10     | Bought a glowing kite shield for 202 gold pieces
 14828 | D:10     | Bought a pair of runed gloves for 202 gold pieces
 14885 | D:10     | Found a staircase to the Orcish Mines.
 14945 | D:10     | Noticed an unseen horror
 14965 | D:10     | Killed an unseen horror
 14965 | D:10     | Reached skill level 11 in Stealth
 14965 | D:10     | Reached XP level 11. HP: 60/100 MP: 17/17
 15992 | D:11     | Noticed a brown ugly thing
 16092 | Orc:1    | Entered Level 1 of the Orcish Mines
 16195 | Orc:1    | Found a frozen archway.
 16202 | IceCv    | Entered an ice cave
 16209 | IceCv    | HP: 4/100 [wolf spider simulacrum (5)]
 16209 | IceCv    | Mangled by a wolf spider simulacrum

Illustrated notes

Levels and vault maps discovered:
D:1:      minmay_arrival_cross, layout_loops_cross
D:2:      layout_rooms, cheibriados_altar_1
D:3:      layout_basic, lemuel_doored_altar, lemuel_zombie_altar_yredelemnul,
          nicolae_gozag_seed_capital
D:4:      layout_cave_pools, kennysheep_little_box, uniq_menkaure
D:5:      layout_loops_corners, nicolae_overflow_crystal_walls,
          kennysheep_mini_moat, minmay_temple_entry_hall, first_ration,
          portal_sewer_entry_a, grunt_dithmenos_smoke_and_mirrors
D:6:      layout_rooms, overflow_temple_1_default, nemelex_dance_club_becter
D:7:      layout_loops_corners, tgw_sif, nicolae_qazlal_eye_of_the_storm,
          nicolae_overflow_hidden_temple, minivault_5, grunt_ogre_cave
D:8:      layout_gridville, elyvilon_altar_1, overflow_temple_1_default,
          grunt_ministairs_6, serial_bayou_pond_e, minmay_statues_item
D:9:      layout_basic, enter_bailey_6, uniq_joseph
D:10:     layout_roguey, orc_0_dummy
D:11:     layout_loops_ring, due_lair_maze_entry_diamond, serial_shops, shop,
          gammafunk_ghost_wrathful_warriors, amethyst_killhole
Orc:1:    layout_caves, serial_shops, nicolae_shop_stone,
          portal_ice_cave_entry_pillars_2, uniq_erica
IceCv:    ice_cave_small_necro

Skill      XL: |  1  2  3  4  5  6  7  8  9 10 11 |
---------------+----------------------------------+-----
Shields        | 2 3 |  3.4
Fighting       | 5 7 |  7.2
Axes           | 2 4 6 8 9 |  9.9
Evocations     | 3 5 7 9 |  9.3
Stealth        | 2 7 11 | 11.5
Short Blades   | |  1.0
Staves         | |  1.0
Dodging        | |  1.5

Action                   |  1- 3 |  4- 6 |  7- 9 | 10-12 || total
-------------------------+-------+-------+-------+-------++-------
Melee: Club              |    58 |       |       |       ||    58
       Dagger            |   106 |    90 |       |       ||   196
       Hand axe          |       |    50 |   659 |       ||   709
       Mace              |       |       |    33 |    38 ||    71
       Broad axe         |       |       |       |   237 ||   237
Throw: Dart              |     2 |     2 |     7 |       ||    11
Invok: Call Merchant     |       |       |       |     2 ||     2
 Abil: Spit Poison       |    10 |     4 |       |       ||    14
Evoke: Wand              |       |       |     5 |    26 ||    31
       Lightning rod     |       |       |     3 |     3 ||     6
       Tin of tremorston |       |       |       |     3 ||     3
  Use: Scroll            |       |    10 |    11 |     7 ||    28
       Potion            |       |     1 |     1 |     9 ||    11
 Stab: Distracted        |       |     1 |     1 |       ||     2
       Sleeping          |       |       |     3 |     8 ||    11
  Eat: Chunk             |     1 |     1 |       |       ||     2
       Ration            |     1 |     1 |     6 |     4 ||    12
Armor: Leather armour    |    76 |    59 |   272 |       ||   407
       Skin              |       |    24 |       |     3 ||    27
       Robe              |       |       |    16 |   134 ||   150
Dodge: Dodged            |    79 |    72 |   258 |   203 ||   612
Block: Buckler           |    20 |    35 |   122 |    49 ||   226
       Kite shield       |       |       |       |    54 ||    54
